 Dungeon Crawl Stone Soup version 0.29-a0-1027-gcd8c55af63 (webtiles) character file.

Game seed: 9241582097811689598

104 27heaven the Magician (level 4, -4/32 HPs)
             Began as a Mummy Enchanter on Aug 12, 2022.
             Was a Believer of Lugonu.
             Slain by a gnoll
             ... wielding a +0 club
              (6 damage)
             ... on level 2 of the Dungeon.
             The game lasted 00:05:31 (3422 turns).

27heaven the Magician (Mummy Enchanter)             Turns: 3422, Time: 00:05:32

Health: -4/32      AC:  3    Str: 11    XL:     4   Next: 52%
Magic:  3/9        EV: 12    Int: 16    God:    Lugonu [**....]
Gold:   74         SH:  0    Dex: 12    Spells: 5/10 levels left

rFire   x . .      SeeInvis .   a - +1 dagger
rCold   + . .      Faith    .   (no shield)
rNeg    + + +      Spirit   .   b - +0 robe
rPois   ∞          Reflect  .   (no helmet)
rElec   .          Harm     .   (no cloak)
rCorr   .          Rampage  .   f - +0 pair of gloves
Will    .....                   (no boots)
Stlth   ++........              (no amulet)
HPRegen 0.10/turn               (no ring)
MPRegen 0.11/turn               (no ring)

@: no status effects
A: cold resistance 1, negative energy resistance 3, torment resistance 2, heat
vulnerability 1, in touch with death 1, no potions
a: Renounce Religion, Depart the Abyss, Bend Space


You were on level 2 of the Dungeon.
You worshipped Lugonu.
Lugonu was pleased with you.
You visited 1 branch of the dungeon, and saw 3 of its levels.

You collected 74 gold pieces.

Inventory:

Hand Weapons
 a - a +1 dagger (weapon)
 e - a +0 dagger of draining
Armour
 b - a +0 robe (worn)
 f - a +0 pair of gloves (worn)
Jewellery
 h - a +6 ring of strength
 i - an amulet of magic regeneration
Scrolls
 c - a scroll of teleportation {unknown}
 d - a scroll of torment {unknown}
 g - a scroll of identify {unknown}


   Skills:
 + Level 1.1 Fighting
 - Level 0.7 Short Blades
 + Level 1.0 Armour
 + Level 2.0 Dodging
 + Level 2.6 Stealth
 * Level 3.7 Spellcasting
 * Level 3.2 Hexes
 * Level 1.0 Ice Magic


You had 5 spell levels left.
You knew the following spells:

 Your Spells              Type           Power      Damage    Failure   Level
a - Ensorcelled Hibernat  Hex/Ice        18%        N/A       11%         2
b - Tukima's Dance        Hex            13%        N/A       14%         3

Your spell library contained the following spells:

 Spells                   Type           Power      Damage    Failure   Level
 Confusing Touch          Hex            13%        N/A       14%         3
 Dazzling Flash           Conj/Hex       16%        N/A       26%         3


Dungeon Overview and Level Annotations

Branches:
Dungeon (3/15)

Altars:
Lugonu


Innate Abilities, Weirdness & Mutations

You are immune to poison.
Your flesh is cold resistant. (rC+)
You are immune to negative energy. (rN+++)
You are immune to unholy pain and torment.
You are vulnerable to heat. (rF-)
You are in touch with the powers of death.
You do not drink.


Message History

The gnoll attacks as you move away! The gnoll completely misses you.
The gnoll attacks as you move away! The gnoll misses you.
The gnoll attacks as you move away! The gnoll hits you with a +0 club.
The gnoll attacks as you move away! The gnoll hits you with a +0 club.
There is a stone staircase leading up here.
The gnoll hits you with a +0 club.
You climb upwards.
There is a stone staircase leading down here.
You are too injured to fight recklessly!
Casting: Ensorcelled Hibernation (safe; 11% risk of failure)
Confirm with . or Enter, or press ? or * to list all spells.
Aiming: Ensorcelled Hibernation (safe; 11% risk of failure)
Press: ? - help, Shift-Dir - straight line, f - gnoll
Aim: a gnoll, wielding a +0 club (chance to affect: 51%)
The gnoll looks drowsy...
The helpless gnoll fails to defend itself.
You puncture the gnoll!
The gnoll is severely wounded.
The gnoll misses you.
You barely miss the gnoll.
The gnoll is severely wounded.
The gnoll hits you with a +0 club!
* * * LOW HITPOINT WARNING * * *
Casting: Ensorcelled Hibernation (safe; 11% risk of failure)
Confirm with . or Enter, or press ? or * to list all spells.
Aiming: Ensorcelled Hibernation (safe; 11% risk of failure)
Press: ? - help, Shift-Dir - straight line, f - you, p - gnoll That would be overly suicidal.
Okay, then.
Casting: Ensorcelled Hibernation (safe; 11% risk of failure)
Confirm with . or Enter, or press ? or * to list all spells.
Aiming: Ensorcelled Hibernation (safe; 11% risk of failure)
Press: ? - help, Shift-Dir - straight line, f - you
Okay, then.
You barely miss the gnoll.
The gnoll is severely wounded.
The gnoll hits you with a +0 club.
* * * LOW HITPOINT WARNING * * *
The gnoll attacks as you move away! The gnoll hits you with a +0 club.
You die...

#... ######## ####
#......# ## #.####.#
##### #.
#.####.####...# ##
###.#.......).#)#### #
#.....##.####......###
#######.#.####.#
#........#
#.......#..g@..#
#.####.#.#
#.#####.########
#.####.#.## #.#####.#
#########.#.......#
#.##....#
#.......#.#.##.....
#.##.##)#
#.......#.#.##.#..#
#.##.##.#
#..............#...
#.......#
#........#..##.#...
####.####
#...........##.##.>
#.....#
#..<....###.......#


You could see a gnoll.

Vanquished Creatures
  6 adders
  2 dart slugs (D:1)
  4 ball pythons
  6 endoplasms
  4 giant cockroaches
  2 goblins
  6 hobgoblins
  3 quokkas (D:2)
  5 bats
  A frilled lizard (D:1)
  2 kobolds (D:2)
  A rat (D:1)
42 creatures vanquished.

Notes
Turn   | Place    | Note
-------+----------+-------------------------------------------
     0 | D:1      | 27heaven the Mummy Enchanter began the quest for the Orb.
     0 | D:1      | Reached XP level 1. HP: 13/13 MP: 4/4
   217 | D:1      | Reached XP level 2. HP: 17/19 MP: 5/5
   411 | D:1      | Learned a level 2 spell: Ensorcelled Hibernation
   786 | D:1      | Found a faded altar of an unknown god.
   945 | D:1      | Prayed at the altar of an unknown god.
   945 | D:1      | Became a worshipper of Lugonu the Unformed
   945 | D:1      | Reached * piety under Lugonu
   945 | D:1      | Reached ** piety under Lugonu
  1626 | D:1      | Gained mutation: You are in touch with the powers of death.
                  | [Mummy growth]
  1626 | D:1      | Reached XP level 3. HP: 10/25 MP: 7/7
  2589 | D:2      | Reached XP level 4. HP: 26/31 MP: 5/9
  2681 | D:2      | Reached skill level 1 in Fighting
  2754 | D:2      | Reached skill level 1 in Armour
  2754 | D:2      | Reached skill level 1 in Ice Magic
  2910 | D:2      | Learned a level 3 spell: Tukima's Dance
  3422 | D:2      | Slain by a gnoll

Illustrated notes

Levels and vault maps discovered:
D:1:      wander_arrival_peaceful_grave, layout_rooms, serial_co_window_serial,
          co_window_of_opportunity_a, co_window_paths_a, co_window_corner_a,
          co_window_paths_a, co_window_corner_a, co_window_of_opportunity_a,
          co_window_cross_3, co_window_corner_b, co_window_corner_b,
          co_window_of_opportunity_b, co_window_4corner_b, glass_columns_c,
          hellmonk_ecumenical_altar_inner_sanctum
D:2:      layout_loops_cross
D:3:      minmay_goblin_kobold_castle, layout_rooms, marbit_many_paths

Skill      XL: |  1  2  3  4 |
---------------+-------------+-----
Spellcasting   | 3 |  3.7
Hexes          | 3 |  3.2
Fighting       | 1 |  1.1
Armour         | 1 |  1.0
Ice Magic      | 1 |  1.0
Dodging        | 2 |  2.0
Short Blades   | |  0.7
Stealth        | |  2.6

Action                   |  1- 3 |  4- 6 || total
-------------------------+-------+-------++-------
Melee: Dagger            |   149 |    35 ||   184
       Punch             |     2 |     1 ||     3
 Cast: Ensorcelled Hiber |     9 |    12 ||    21
 Stab: Sleeping          |    10 |     9 ||    19
Armor: Robe              |    38 |    12 ||    50
Dodge: Dodged            |    86 |    22 ||   108

Table legend: (Time is in decaauts)
 A = Elapsed time spent in this place.
 B = Non-inter-level travel time spent in this place.
 C = Inter-level travel time spent in this place.
 D = Time resting spent in this place.
 E = Time spent auto-exploring this place.
 F = Levels seen in this place.
 G = Mean time per level.
                   A        B        C        D        E       F      G
               +--------+--------+--------+--------+--------+-----+--------+
         Total |   3415 |   3353 |     62 |    700 |   2097 |   3 | 1138.3 |
       Dungeon |   3415 |   3353 |     62 |    700 |   2097 |   3 | 1138.3 |
               +--------+--------+--------+--------+--------+-----+--------+

Top non-repeatable levels by time:
     D:1: 1626 daAuts
     D:2: 1620 daAuts
     D:3: 168 daAuts
